Description

proxy stargate

Replay - Neeb v Stats: Game 1 - Port Aleksander LE

Build Order

Get SALT Encoding   

  12  0:00  Probe  
  13  0:12  Probe  
  14  0:18  Pylon  
  14  0:24  Probe  
  15  0:32  Probe  
  15  0:38  Gateway  
  15  0:40  Probe  
  16  0:47  Assimilator  
  17  0:51  Probe  
  17  0:56  Assimilator  
  18  0:59  Probe  
  19  1:07  Probe  
  20  1:15  Gateway  
  20  1:17  Probe  
  20  1:25  Cybernetics Core  
  21  1:29  Probe  
  22  1:37  Pylon  
  24  2:01  Stargate  
  24  2:02  Adept x2  
  28  2:11  Warp Gate  
  28  2:17  Pylon  
  28  2:38  Stalker  
  28  2:39  Oracle  
  28  2:40  Shield Battery  
  32  2:55  Pylon  
  33  3:07  Oracle  
Spawning Tool Build Advisor. Get it on Overwolf

Go to:

Details

  • Created by: ftuttle4
  • Published on: Mar 13, 2019
  • Modified on: Mar 13, 2019
  • Patch: 4.7.1
Show
View Real Time Build Order
Export as new Build Order

Comments (0)

There are no comments. Be the first!

Create an account to comment!